AoeStats
← Flrancis

Black Forest

507442940Analyzed
2v2 RM · 14d ago on Sep 18, 2026· 56m 26s· 4 players
Game mode
Random Map
Map size
Medium (4 player)
Population
200
Speed
Normal
Resources
Standard
Victory
Conquest
Starting age
Dark Age
Ending age
Imperial Age
RankedLock teamsTeams togetherTeam positionsShared explorationLock speedFull tech treeHidden civsTurbo modeCheats
Victory
Defeat
🇩🇪 Khmer · Germany
1067
+11
🇩🇪 Bohemians · Germany
950
+16
🇫🇷 Teutons · France
983
-15
🇫🇷 Vietnamese · France
921
-12
DreGweKer
0:35 Loom
14:40 Feudal Age
15:56 Wheelbarrow
15:07 Town Watch
15:19 Horse Collar
15:28 Double-Bit Axe
21:03 Castle Age
22:10 Hand Cart
21:55 Town Patrol
22:51 Stone Mining
22:51 Gold Mining
26:24 Heavy Plow
27:07 Stone Shaft Mining
27:58 Caravan
28:18 Bow Saw
35:53 Imperial Age
34:33 Ballistics
34:24 Masonry
34:25 Fortified Wall
34:22 Scale Mail Armor
36:28 Chain Mail Armor
36:23 Forging
36:19 Scale Barding Armor
36:44 Ironclad
36:07 Onager
36:25 Cavalier
37:18 Bloodlines
39:00 Conscription
38:03 Capped Ram
39:12 Paladin
40:39 Iron Casting
40:25 Chain Barding Armor
40:35 Plate Mail Armor
42:15 Chemistry
41:01 Arrowslits
41:22 Siege Engineers
45:56 Heavy Scorpion
54:04 Blast Furnace
53:40 Plate Barding Armor
52:55 Fletching
Flrancis
5:27 Loom
12:34 Feudal Age
16:40 Castle Age
14:52 Double-Bit Axe
15:56 Horse Collar
18:12 Stone Mining
22:25 Town Watch
23:08 Gold Mining
24:02 Scale Mail Armor
27:16 Fletching
28:08 Wheelbarrow
27:46 Arson
29:20 Bodkin Arrow
29:33 Padded Archer Armor
29:39 Heavy Plow
33:22 Imperial Age
32:05 Thumb Ring
32:15 Forging
32:22 Chain Mail Armor
32:23 Leather Archer Armor
34:02 Hand Cart
34:30 Iron Casting
33:53 Murder Holes
36:20 Chemistry
35:41 Ballistics
36:48 Paper Money
36:30 Chatras
36:28 Elite Fire Lancer
37:10 Squires
39:07 Elite Battle Elephant
39:48 Husbandry
39:58 Bloodlines
43:24 Caravan
43:57 Scale Barding Armor
44:22 Plate Mail Armor
52:55 Chain Barding Armor
53:14 Fortified Wall
53:13 Siege Engineers
53:19 Elite Skirmisher
54:01 Imperial Skirmisher
Lachsnacken
1:03 Loom
12:49 Feudal Age
17:41 Castle Age
16:20 Double-Bit Axe
22:02 Horse Collar
24:27 Heavy Plow
24:51 Bow Saw
24:46 Town Watch
26:30 Wheelbarrow
29:03 Hand Cart
32:18 Imperial Age
30:15 Fletching
30:49 Scale Barding Armor
30:54 Forging
32:38 Chain Barding Armor
32:14 Bodkin Arrow
32:44 Chain Barding Armor
31:52 Light Cavalry
32:43 Bloodlines
32:34 Husbandry
32:42 Hussar
33:19 Heavy Scorpion
35:20 Double Crossbow
35:41 Conscription
36:01 Fortified Wall
36:12 Ballistics
36:06 Masonry
36:57 Chemistry
36:59 Siege Engineers
40:21 Plate Barding Armor
39:47 Bracer
40:22 Iron Casting
46:56 Blast Furnace
45:57 Padded Archer Armor
45:58 Scale Mail Armor
Chris
1:12 Loom
13:03 Feudal Age
13:55 Double-Bit Axe
21:00 Castle Age
18:53 Horse Collar
24:24 Heavy Plow
28:12 Fortified Wall
29:15 Wheelbarrow
30:27 Ballistics
30:54 Forging
31:20 Hand Cart
31:53 Bow Saw
31:49 Pikeman
32:30 Squires
34:31 Iron Casting
33:57 Scale Mail Armor
34:10 Murder Holes
34:22 Arson
37:30 Imperial Age
36:40 Chemistry
37:08 Chain Mail Armor
36:46 Town Watch
38:12 Halberdier
39:09 Elite Hussite Wagon
41:43 Blast Furnace
44:14 Siege Engineers
50:05 Plate Mail Armor
52:01 Houfnice
Connection lost

Rejoining the realm…

Still unreachable

The connection could not be restored.

Session expired

The server has moved on; the page needs a fresh start.